 Dungeon Crawl Stone Soup version 0.28-a0-998-gb9e9c7b67e (webtiles) character file.

Game seed: 16604571550062062556

129 ytrimaz the Insei (level 5, -9/33 HPs)
             Began as an Octopode Transmuter on Dec 5, 2021.
             Was a Plaything of Xom.
             Mangled by Menkaure (21 damage)
             ... on level 4 of the Dungeon.
             The game lasted 00:05:21 (4370 turns).

ytrimaz the Insei (Octopode Transmuter)             Turns: 4370, Time: 00:05:21

Health: -9/33      AC:  1    Str: 10    XL:     5   Next: 12%
Magic:  9/9        EV: 17    Int: 17    God:    Xom [......]
Gold:   106        SH:  0    Dex: 12    Spells: 3/10 levels left

rFire   . . .      SeeInvis .     - Unarmed
rCold   . . .      Faith    .   (no shield)
rNeg    . . .      Spirit   .   (helmet restricted)
rPois   .          Reflect  .   (no amulet)
rElec   +          Harm     .   a - ring of wizardry
rCorr   .          Rampage  .   b - +4 ring of evasion
Will    .....                   (no ring)
Stlth   ++........              (no ring)
HPRegen 0.11/turn               (no ring)
MPRegen 0.11/turn               (no ring)
                                (no ring)
                                (no ring)

@: brilliant
A: almost no armour, amphibious, 8 rings, camouflage 1, gelatinous body 1,
(nimble swimmer 1), tentacles, electricity resistance
a: Renounce Religion


You were on level 4 of the Dungeon.
You worshipped Xom.
You were a very special plaything of Xom.
You visited 1 branch of the dungeon, and saw 4 of its levels.

You collected 178 gold pieces.
You spent 72 gold pieces at shops.

Inventory:

Jewellery
 a - a ring of wizardry (left tentacle)
 b - a +4 ring of evasion (right tentacle)
Wands
 h - a wand of charming (5)
Scrolls
 d - a scroll of amnesia
 f - 3 scrolls of magic mapping
 g - 2 scrolls of identify
Potions
 c - a potion of curing
 e - a potion of attraction {unknown}


   Skills:
 - Level 1.0 Fighting
 + Level 2.4 Dodging
 + Level 4.0 Unarmed Combat
 + Level 3.1 Spellcasting
 + Level 0.2 Hexes
 + Level 3.0 Transmutations


You had 3 spell levels left.
You knew the following spells:

 Your Spells              Type           Power      Damage    Failure   Level
a - Beastly Appendage     Tmut           38%        N/A       1%          1
b - Spider Form           Tmut/Pois      11%        N/A       12%         3
c - Swiftness             Air            3%         N/A       21%         3

Your spell library contained the following spells:

 Spells                   Type           Power      Damage    Failure   Level
 Wereblood                Tmut           19%        N/A       3%          2
 Passwall                 Tmut/Erth      9%         N/A       6%          2
 Ensorcelled Hibernation  Hex/Ice        8%         N/A       10%         2
 Tukima's Dance           Hex            5%         N/A       19%         3
 Ice Form                 Ice/Tmut       11%        N/A       32%         4


Dungeon Overview and Level Annotations

Branches:
Dungeon (4/15)             Temple (0/1) D:4

Altars:
Gozag
Okawaru
Xom

Shops:
D:3 *!

Annotations:
D:4 Menkaure


Innate Abilities, Weirdness & Mutations

You cannot wear most types of armour.
You are amphibious.
You can wear up to eight rings at the same time.
Your skin changes colour to match your surroundings (Stealth+).
Your rubbery body absorbs attacks. (AC +1, EV +1)
((You are camouflaged near water. (Stealth+)))
You have tentacles for arms and can constrict up to eight enemies at once.
You are resistant to electric shocks. (rElec)


Message History

The jackal bites you. The jackal closely misses you.
You tentacle-slap the jackal.
You kill the jackal!
You see here a jackal corpse.
Magic restored.
Your transformation is almost over.
HP restored.
Your tentacle spike disappears.
Things that are here:
a +0 club; a kobold skeleton Menkaure is nearby!
Found a staircase to the Ecumenical Temple.
Xom smiles on you.
You feel clever all of a sudden.
You are now a very special plaything of Xom.
Found a potion of mutation and a scroll of identify.
Menkaure shouts, "The curse of the Pharaohs be upon you!"
Menkaure calls on the powers of darkness!
Your body is wracked with pain!
Menkaure points at you and mumbles some strange words.
Pain shoots through your body!
* * * LOW HITPOINT WARNING * * *
You are too injured to fight recklessly!
You feel better.
Menkaure mumbles some strange words.
Menkaure seems to speed up.
You are too injured to fight recklessly!
You hear Xom's avuncular chuckle.
Menkaure points at you and mumbles some strange words.
You barely resist. You tentacle-slap Menkaure. Your grab misses Menkaure.
You squeeze Menkaure.
Menkaure is lightly damaged.
Menkaure closely misses you.
You are too injured to fight recklessly!
You tentacle-slap Menkaure. You grab Menkaure.
Menkaure is moderately damaged.
You constrict Menkaure. Menkaure hits you!!
Ouch! That really hurt!
You die...
Xom guffaws!

#......# #....>.##
##.?. #...
#........ ....
#.#... #........
..# #.#.#..
.....####
#..#.>.#.. ..####
#.#.#.#.# ###
#..#.#.#. . #
#######...#.#....
###........@M......
#....####..).......
#..### ##..?......
##.## ##.......##
##..# ##.>##...##
####...# ##..##
#..# ......##
##..## .!# .....##
#..## ... ...###
##.##


You could see Menkaure (fast).

Vanquished Creatures
  A hound (D:4)
  4 adders
  A worm (D:2)
  A dart slug (D:1)
  An orc (D:3)
  9 ball pythons
  5 endoplasms
  4 goblins
  8 hobgoblins
  5 jackals
  11 kobolds
  5 quokkas
  2 bats
  4 frilled lizards
  9 rats
70 creatures vanquished.

Vanquished Creatures (others)
  6 plants (D:2)
6 creatures vanquished.

Grand Total: 76 creatures vanquished

Notes
Turn   | Place    | Note
-------+----------+-------------------------------------------
     0 | D:1      | ytrimaz the Octopode Transmuter began the quest for the
                  | Orb.
     0 | D:1      | Reached XP level 1. HP: 13/13 MP: 3/3
   161 | D:1      | Reached XP level 2. HP: 4/18 MP: 5/5
  1128 | D:1      | Reached XP level 3. HP: 17/23 MP: 4/6
  1732 | D:2      | Gained mutation: You are resistant to electric shocks.
                  | (rElec) [potion of mutation]
  2021 | D:2      | Learned a level 3 spell: Spider Form
  2024 | D:2      | Learned a level 2 spell: Ensorcelled Hibernation
  2177 | D:2      | Reached XP level 4. HP: 20/28 MP: 5/8
  2866 | D:2      | Learned a level 3 spell: Swiftness
  2891 | D:3      | Found Mopye's Distillery.
  2899 | D:3      | Bought 2 potions of curing for 72 gold pieces
  3351 | D:3      | Found an iron altar of Okawaru.
  3457 | D:3      | Found an opulent altar of Gozag.
  3459 | D:3      | Found Gozag's Platinum Reserve.
  3631 | D:3      | Found a faded altar of an unknown god.
  3851 | D:3      | Prayed at the altar of an unknown god.
  3851 | D:3      | Became a worshipper of Xom of Chaos
  3921 | D:4      | Reached XP level 5. HP: 33/33 MP: 7/9
  3953 | D:4      | Noticed Menkaure
  3954 | D:4      | XOM: noise
  3961 | D:4      | XOM: silly message
  3979 | D:4      | Reached skill level 4 in Unarmed Combat
  4363 | D:4      | Found a staircase to the Ecumenical Temple.
  4363 | D:4      | XOM: potion effect (brilliance)
  4368 | D:4      | XOM: enchant monster (bad)
  4370 | D:4      | Mangled by Menkaure

Illustrated notes

Levels and vault maps discovered:
D:1:      eino_arrival_cavern_e, layout_loops_ring, minmay_tromino_mix6
D:2:      layout_loops_ring, serial_glass, glass_columns_b, glass_columns_b,
          glass_columns_a, glass_columns_a, glass_columns_b, feat_on_display,
          item_on_display_a, due_unseen_surprise, lexackson_kobold_supper
D:3:      layout_basic, okawaru_gym_becter, nicolae_gozag_zags_fifth_avenue,
          chequers_ecumenical_altar_lobes, serial_shops, shop,
          minmay_misc_feat_room
D:4:      layout_layer_cave, minmay_temple_entry_grid,
          minmay_misc_feat_secret_circle, uniq_menkaure, uniq_eustachio

Skill      XL: |  1  2  3  4  5 |
---------------+----------------+-----
Transmutations | 3 |  3.0
Spellcasting   | 3 |  3.1
Unarmed Combat | 4 |  4.0
Fighting       | |  1.0
Dodging        | |  2.4
Hexes          | |  0.2

Action                   |  1- 3 |  4- 6 || total
-------------------------+-------+-------++-------
Melee: Unarmed           |    85 |    58 ||   143
       Constrict         |    30 |    14 ||    44
       Tentacles         |    15 |     9 ||    24
       Kick              |    16 |    11 ||    27
       Punch             |     1 |     1 ||     2
 Cast: Beastly Appendage |    19 |    20 ||    39
       Ensorcelled Hiber |     3 |       ||     3
       Spider Form       |       |     1 ||     1
       Swiftness         |       |     1 ||     1
  Use: Scroll            |     3 |     2 ||     5
       Potion            |     3 |     2 ||     5
 Stab: Sleeping          |     4 |     3 ||     7
Armor: Skin              |    12 |     2 ||    14
Dodge: Dodged            |    61 |    36 ||    97

Table legend: (Time is in decaauts)
 A = Elapsed time spent in this place.
 B = Non-inter-level travel time spent in this place.
 C = Inter-level travel time spent in this place.
 D = Time resting spent in this place.
 E = Time spent auto-exploring this place.
 F = Levels seen in this place.
 G = Mean time per level.
                   A        B        C        D        E       F      G
               +--------+--------+--------+--------+--------+-----+--------+
         Total |   4359 |   4183 |    176 |    332 |   3215 |   4 | 1089.8 |
       Dungeon |   4359 |   4183 |    176 |    332 |   3215 |   4 | 1089.8 |
               +--------+--------+--------+--------+--------+-----+--------+

Top non-repeatable levels by time:
     D:2: 1592 daAuts
     D:1: 1267 daAuts
     D:3: 1245 daAuts
     D:4: 253 daAuts
